 Dungeon Crawl Stone Soup version 0.19-a0-353-g6b7ed47 (webtiles) character file.

54 Chemotherapy the Poker (level 3, 3/40 HPs)
             Began as a Merfolk Gladiator on May 30, 2016.
             Quit the game on level 2 of the Dungeon.
             The game lasted 00:01:47 (956 turns).

Chemotherapy the Poker (Merfolk Gladiator)           Turns: 956, Time: 00:01:47

Health: 3/40       AC: 21    Str: 16    XL:     3   Next: 91%
Magic:  3/3        EV:  2    Int: 12    God:
Gold:   73         SH:  0    Dex: 14    Spells: 0 memorised, 2 levels left

rFire  . . .     SeeInvis .     a - +0 trident
rCold  . . .     Gourm    .     (armour currently unavailable)
rNeg   + + +     Faith    .     (no shield)
rPois  +         Spirit   .     (helmet currently unavailable)
rElec  .         Dismiss  .     (cloak currently unavailable)
rCorr  .         Reflect  .     (gloves currently unavailable)
SustAt .         Harm     .     (boots currently unavailable)
MR     .....     NoTele   +     (no amulet)
Stlth  +.........               (no ring)
                                (no ring)

@: brilliant, lethally poisoned (3 -> -7), tree-form, not resistant to hostile
enchantments, very unstealthy
A: (change form in water), (swift swim)
a: no special abilities


You were on level 2 of the Dungeon.
You were not hungry.
You were a tree.
You visited 1 branch of the dungeon, and saw 2 of its levels.

You collected 73 gold pieces.

Inventory:

Hand Weapons
 a - a +0 trident (weapon)
Missiles
 d - 3 throwing nets {=f, !d}
Armour
 b - a +0 leather armour
 c - a +0 helmet (melded)
 i - a cursed +0 ring mail (melded)
   (You found it on level 1 of the Dungeon)
Scrolls
 e - a scroll of fog {unknown}
 h - a scroll of fear {unknown}
 j - 2 scrolls of identify {unknown}
 l - 2 scrolls of magic mapping {unknown}
Comestibles
 f - a bread ration {@e1}
 k - 3 chunks of flesh {@w0}


   Skills:
 - Level 2.1 Fighting
 + Level 6.8 Polearms
 - Level 2.0 Throwing
 - Level 4.0 Dodging


You had 2 spell levels left.
You didn't know any spells.

Dungeon Overview and Level Annotations

Branches:
Dungeon (2/15)

Altars:

Annotations:
D:2 Robin


Message History

a club x2; a dagger; a goblin skeleton; a goblin corpse; a hobgoblin corpse You start resting.
A goblin comes into view. It is wielding a club.
A goblin is nearby!
The goblin shouts!
You see here 2 stones.
You are too injured to fight recklessly!
You are too injured to fight recklessly!
You are too injured to fight recklessly!
You are too injured to fight recklessly!
You hit the goblin. The goblin barely misses you.
You closely miss the goblin. You hit the goblin.
You kill the goblin!
You see here a club.
You start resting.
You regained 2 hp, and now have 15/27 hp.
You see here 2 stones.
You are too injured to fight recklessly!
You are too injured to fight recklessly!
You are too injured to fight recklessly!
Items here: ))) ÷ †† a club x2; a dagger; a goblin skeleton; a goblin corpse; a hobgoblin corpse Attack whom?
Aim: a goblin, wielding a dagger You reach to attack!
You barely miss the goblin. The goblin completely misses you.
Attack whom?
Aim: a goblin, wielding a dagger You reach to attack!
You barely miss the goblin. You closely miss the goblin.
The goblin closely misses you. The goblin completely misses you.
You are too injured to fight recklessly!
You are too injured to fight recklessly!
You are too injured to fight recklessly!
You are too injured to fight recklessly!
You hit the goblin but do no damage. The goblin hits you but does no damage.
The goblin barely misses you.
You hit the goblin but do no damage. The goblin closely misses you. x2
Some of the chunks of flesh in your inventory have rotted away.
You hit the goblin.
Robin roars a battlecry!
The goblins go into a battle-frenzy!
The goblin closely misses you. The goblin barely misses you.
You closely miss the goblin. The goblin completely misses you.
The goblin hits you but does no damage.
Unknown command.
You barely miss the goblin. The goblin hits you but does no damage.
The goblin closely misses you.
You closely miss the goblin. Robin throws the goblin at you!
The goblin hits you but does no damage. The goblin hits you with a dagger.
You take 3 damage, and have 13/27 hp.
Your ring mail prevents you from hitting the goblin.
The goblin closely misses you. The goblin barely misses you.
The goblin hits you but does no damage.
You puncture the goblin!
You kill the goblin!
The goblin misses you. Robin throws the goblin at you!
The goblin hits you but does no damage. The goblin misses you.
Robin throws the goblin at you! The goblin hits you with a dagger.
Things that are here:
a dagger; 2 stones; a goblin corpse You take 2 damage, and have 11/27 hp.
You puncture the goblin!
You kill the goblin!
The goblin closely misses you. The goblin barely misses you.
The goblin barely misses you.
Things that are here:
a dagger; a club; a goblin corpse You miss the goblin.
The goblin hits you with a club.
The goblin hits you with a dagger of venom.
* * * LOW HITPOINT WARNING * * *
You are lethally poisoned!
You take 3 damage, and have 8/27 hp.
Drink which item? (? for menu, Esc to quit)
It was a potion of lignification.
You turn into a tree.
Your +0 helmet melds into your body.
Your cursed +0 ring mail melds into your body.
Your roots penetrate the ground.
You feel sick. The goblin hits you but does no damage.
The goblin barely misses you.
You now have 11/40 hp.
You miss the goblin.
You feel sick.
The goblin hits you with a dagger of venom.
* * * LOW HITPOINT WARNING * * *
You take 5 damage, and have 6/40 hp.
You cannot move.
You hit the goblin. Robin throws the goblin at you!
The goblin hits you but does no damage.
You are lethally poisoned!
The goblin hits you with a club.
* * * LOW HITPOINT WARNING * * *
You take 2 damage, and have 4/40 hp.
Drink which item? (? for menu, Esc to quit)
It was a potion of brilliance.
You feel clever all of a sudden.
* * * LOW HITPOINT WARNING * * *
You feel sick.
The goblin hits you but does no damage. x2
You take 1 damage, and have 3/40 hp.
Unknown command.

#..........# ###### .
#..........###gg..## ...
#...........)gggg.)#.....
#.......)..####...g......
#######....## #..##.##...
####.)# ##.# # ##)## #..
#(g####.. ##♣g# ..##
##g###...# ##)....#..
##..(...... #..######..
#.## ###.# ##...#
###..###


You could see Robin and 2 goblins.

Vanquished Creatures
  An ooze (D:2)
  4 dart slugs (D:1)
  4 bats
  2 giant cockroaches (D:1)
  12 goblins
  6 hobgoblins
  3 kobolds (D:1)
  A giant newt (D:1)
  4 rats (D:1)
37 creatures vanquished.

Notes
Turn   | Place    | Note
--------------------------------------------------------------
     0 | D:1      | Chemotherapy the Merfolk Gladiator began the quest for the Orb.
     0 | D:1      | Reached XP level 1. HP: 16/16 MP: 1/1
    85 | D:1      | Reached skill level 5 in Polearms
    90 | D:1      | Reached XP level 2. HP: 22/22 MP: 2/2
   577 | D:1      | Reached skill level 6 in Polearms
   577 | D:1      | Reached XP level 3. HP: 27/27 MP: 3/3
   863 | D:2      | Noticed Robin
   953 | D:2      | HP: 10/40 [poisoned by a goblin]
   954 | D:2      | HP: 4/40 [goblin/club[Robin] (3)]
   956 | D:2      | Quit the game

Vault maps used:
D:1:      dpeg_arrival_snail
D:2:      gammafunk_temple_overflow_pools, kennysheep_jessica_study, uniq_iyjb,
          uniq_robin

Skill      XL: |  1  2 |
---------------+-------+-----
Polearms       | 5 6 |  6.8
Fighting       | |  2.1
Throwing       | |  2.0
Dodging        | |  4.0

Action                   || total
-------------------------++-------
Melee: Trident           ||   124
  Use: Potion            ||     2
Armor: Leather armour    ||     2
       Ring mail         ||    28
       Skin              ||     4
Dodge: Dodged            ||    62

Vault maps used:
D:1:      dpeg_arrival_snail
D:2:      gammafunk_temple_overflow_pools, kennysheep_jessica_study, uniq_iyjb,
          uniq_robin

Table legend:
 A = Turns spent in this place as a percentage of turns spent in the entire game.
 B = Non-inter-level travel turns spent in this place as a percentage of non-inter-level travel turns spent in the entire game.
 C = Inter-level travel turns spent in this place as a percentage of turns spent in this place.
 D = Turns resting spent in this place as a percentage of non-inter-level travel turns spent in this place.
 E = Turns spent auto-exploring this place as a percentage of non-inter-level travel turns spent in this place.
 F = Non-inter-level travel turns spent in this place divided by the number of levels of this place that you've seen.
                   A       B       C       D       E      F
               +-------+-------+-------+-------+-------+----------------------
         Total | 100.0 | 100.0 |   0.3 |   1.2 |   9.8 | 163.0
       Dungeon | 100.0 | 100.0 |   0.3 |   1.2 |   9.8 | 163.0
               +-------+-------+-------+-------+-------+----------------------

Table legend:
 A = Kills in this place as a percentage of kills in entire the game.
 B = Kills by you in this place as a percentage of kills by you in the entire game.
 C = Kills by friends in this place as a percentage of kills by friends in the entire game.
 D = Other kills in this place as a percentage of other kills in the entire game.
 E = Experience gained in this place as a percentage of experience gained in the entire game.
 F = Experience gained in this place divided by the number of levels of this place that you have seen.
                   A       B       C       D       E      F
               +-------+-------+-------+-------+-------+----------------------
         Total | 100.0 | 100.0 |  -nan |  -nan | 100.0 |  39.0
       Dungeon | 100.0 | 100.0 |  -nan |  -nan | 100.0 |  39.0
               +-------+-------+-------+-------+-------+----------------------
